 Dungeon Crawl Stone Soup version 0.26-a0-812-g31a745ddcd (webtiles) character file.

Game seed: 5252827518583520519

2 Riddle the Skirmisher (level 1, 18/18 HPs)
             Began as a Formicid Abyssal Knight on Nov 14, 2020.
             Was an Initiate of Lugonu.
             Quit the game on level 1 of the Dungeon.
             The game lasted 00:01:09 (153 turns).

Riddle the Skirmisher (Formicid Abyssal Knight)      Turns: 153, Time: 00:01:09

Health: 18/18      AC:  8    Str: 16    XL:     1   Next: 44%
Magic:  2/2        EV:  6    Int: 11    God:    Lugonu [......]
Gold:   16         SH:  0    Dex: 10    Spells: 0/0 levels left

rFire    . . .     SeeInvis +   a - +1 hand axe
rCold    . . .     Faith    .   (no shield)
rNeg     . . .     Spirit   .   d - +0 chain mail (curse)
rPois    .         Reflect  .   (helmet unavailable)
rElec    .         Harm     .   (no cloak)
rCorr    .         Rampage  .   (no gloves)
MR       .....                  (no boots)
Stlth    ..........             (no amulet)
HPRegen  0.06/turn              (no ring)
MPRegen  0.08/turn              (no ring)

@: no status effects
A: permanent stasis, dig shafts and tunnels, four strong arms, antennae 3
a: Dig, Shaft Self, Renounce Religion


You were on level 1 of the Dungeon.
You worshipped Lugonu.
Lugonu was noncommittal.
You visited 1 branch of the dungeon, and saw 1 of its levels.
You visited the Abyss 1 time.

You collected 16 gold pieces.

Inventory:

Hand Weapons
 a - a +1 hand axe (weapon)
Armour
 d - a cursed +0 chain mail (worn)
Potions
 c - 2 potions of haste {unknown}


   Skills:
 + Level 3.3 Fighting
 - Level 2.0 Axes
 + Level 2.2 Armour
 - Level 0.8 Dodging
 * Level 2.3 Invocations


You couldn't memorise any spells.
You didn't know any spells.
Your spell library was empty.

Dungeon Overview and Level Annotations

Branches:
Dungeon (1/15)

Altars:


Innate Abilities, Weirdness & Mutations

You cannot be hasted, slowed, berserked, paralysed or teleported.
You can dig through walls and to a lower floor.
Your four strong arms can wield two-handed weapons with a shield.
You have a pair of large antennae on your head. (SInv)


Message History

You barely miss the leopard gecko.
The leopard gecko is severely wounded.
You slash the frilled lizard!
You kill the frilled lizard!
Lugonu accepts your kill.
The leopard gecko bites you but does no damage. x2
A leopard gecko is nearby!
You closely miss the leopard gecko.
The leopard gecko is severely wounded.
The leopard gecko bites you but does no damage.
A leopard gecko is nearby!
You miss the leopard gecko.
The leopard gecko is severely wounded.
The leopard gecko closely misses you.
Unknown command.
You hit the leopard gecko.
You kill the leopard gecko!
Lugonu accepts your kill.
Unknown command.
Are you sure you want to abandon this character and quit the game? (Confirm with "yes".)

### #.. ♣.♣ # P.P♣
.## ♣♣.P♣ ...# ♣P.P♣
..... ♣♣.♣♣....>#
###########..@†.....#
.............†......#
#####.[######......#
♣..♣ ......# ♣♣.♣♣
>.....# ♣.♣♣ ......#
♣♣.♣ ......# ♣♣.♣♣
.....## ♣♣.♣♣


There were no monsters in sight!

Vanquished Creatures
  A leopard gecko (D:1)
  A frilled lizard (D:1)
2 creatures vanquished.

Notes
Turn   | Place    | Note
-------+----------+-------------------------------------------
     0 | Abyss:1  | Riddle the Formicid Abyssal Knight began the quest for the
                  | Orb.
     0 | Abyss:1  | Reached XP level 1. HP: 18/18 MP: 2/2
    93 | Abyss:3  | Noticed a worldbinder
    93 | Abyss:3  | Noticed a rakshasa
    94 | Abyss:3  | Noticed a vault sentinel
   114 | Abyss:3  | Noticed a quasit
   116 | Abyss:3  | Noticed a chaos spawn
   121 | Abyss:3  | Noticed a ynoxinul
   121 | D:1      | Escaped the Abyss
   153 | D:1      | Quit the game

Illustrated notes

Levels and vault maps discovered:
D:1:      roderic_dead_forest, layout_rooms, serial_forest,
          infiniplex_forest_lined_2, infiniplex_forest_lined_2,
          infiniplex_forest_lined_1, infiniplex_forest_straight_4,
          infiniplex_forest_straight_2, infiniplex_forest_fountain,
          infiniplex_forest_straight_3, nicolae_ashenzari_panopticon

Action                   || total
-------------------------++-------
Melee: Hand axe          ||     5
Invok: Depart the Abyss  ||     1
Armor: Chain mail        ||     4
Dodge: Dodged            ||     1

Table legend: (Time is in decaauts)
 A = Elapsed time spent in this place.
 B = Non-inter-level travel time spent in this place.
 C = Inter-level travel time spent in this place.
 D = Time resting spent in this place.
 E = Time spent auto-exploring this place.
 F = Levels seen in this place.
 G = Mean time per level.
                   A        B        C        D        E       F      G
               +--------+--------+--------+--------+--------+-----+--------+
         Total |    153 |    153 |      0 |      0 |     26 |   4 |   38.2 |
       Dungeon |     32 |     32 |      0 |      0 |     10 |   1 |   32.0 |
         Abyss |    120 |    120 |      0 |      0 |     16 |   3 |   40.0 |
               +--------+--------+--------+--------+--------+-----+--------+

Top non-repeatable levels by time:
 Abyss:1: 67 daAuts
     D:1: 32 daAuts
 Abyss:3: 30 daAuts
 Abyss:2: 22 daAuts
